 Dungeon Crawl Stone Soup version 0.22-a0-271-gc000056 (webtiles) character file.

25 mhoghedin the Thaumaturge (level 3, -2/25 HPs)
             Began as a Gnoll Wanderer on Mar 10, 2018.
             Slain by Terence
             ... wielding a +0 mace
              (3 damage)
             ... on level 2 of the Dungeon.
             The game lasted 00:02:30 (899 turns).

mhoghedin the Thaumaturge (Gnoll Wanderer)           Turns: 899, Time: 00:02:31

Health: -2/25      AC:  2    Str: 15    XL:     3   Next: 4%
Magic:  3/13       EV: 11    Int: 17    God:
Gold:   96         SH:  0    Dex: 11    Spells: 15/20 levels left

rFire    x . .     SeeInvis .   d - +1 club
rCold    + . .     Gourm    .   (no shield)
rNeg     . . .     Faith    .   c - +0 robe
rPois    .         Spirit   .   (no helmet)
rElec    .         Reflect  .   (no cloak)
rCorr    .         Harm     .   (no gloves)
MR       .....                  (no boots)
Stlth    +.........             (no amulet)
HPRegen  0.08/turn              l - ring of ice {rC+, rF-}
MPRegen  0.13/turn              (no ring)

@: flying, very slightly contaminated
A: distributed training, fangs 1, strong nose
a: no special abilities


You were on level 2 of the Dungeon.
You were not hungry.

You visited 1 branch of the dungeon, and saw 2 of its levels.

You collected 96 gold pieces.

Inventory:

Hand Weapons
 d - a +1 club (weapon)
Armour
 c - a +0 robe (worn)
Jewellery
 l - a ring of ice (left hand) {rC+, rF-}
   (You found it on level 1 of the Dungeon)
Scrolls
 e - a scroll of teleportation
Potions
 a - a potion of agility
 b - a potion of lignification {!q}
 h - a potion of invisibility {unknown}
 i - a potion of flight
Comestibles
 f - 6 rations


   Skills:
 + Level 0.5 Fighting
 + Level 0.5 Short Blades
 + Level 0.5 Long Blades
 + Level 0.5 Axes
 + Level 0.5 Maces & Flails
 + Level 0.5 Polearms
 + Level 0.5 Staves
 + Level 0.5 Slings
 + Level 0.5 Bows
 + Level 0.5 Crossbows
 + Level 0.5 Throwing
 + Level 0.5 Armour
 + Level 0.5 Dodging
 + Level 0.5 Stealth
 + Level 2.5 Shields
 + Level 0.5 Unarmed Combat
 + Level 9.2 Spellcasting
 + Level 0.4 Conjurations
 + Level 0.4 Hexes
 + Level 2.0 Charms
 + Level 0.4 Summonings
 + Level 3.7 Necromancy
 + Level 2.0 Translocations
 + Level 0.4 Transmutations
 + Level 0.4 Fire Magic
 + Level 0.4 Ice Magic
 + Level 0.4 Air Magic
 + Level 0.4 Earth Magic
 + Level 0.4 Poison Magic
 + Level 0.7 Invocations
 + Level 2.5 Evocations


You had 15 spell levels left.
You knew the following spells:

 Your Spells              Type           Power        Failure   Level  Hunger
a - Magic Dart            Conj           #...         8%          1    None
b - Blink                 Tloc           N/A          6%          2    None
c - Call Imp              Summ           #.......     12%         2    None


Dungeon Overview and Level Annotations

Branches:
Dungeon (2/15)

Altars:

Annotations:
D:2 Terence


Innate Abilities, Weirdness & Mutations

Your experience applies equally to all skills.
You have very sharp teeth.
Your uncanny sense of smell can sniff out nearby items.


Message History

A bat is nearby!
A bat is nearby!
A bat is nearby!
Aim: a bat (resting)
The magic dart hits the bat.
You now have 11/12 mp.
Aim: a bat The magic dart hits the bat.
You now have 10/12 mp.
Aim: a bat (moderately wounded)
The magic dart hits the bat.
You kill the bat!
You have reached level 3!
Your experience leads to an increase in your attributes!
Increase (S)trength, (I)ntelligence, or (D)exterity?
You feel clever.
Health restored: 25 You now have 9/13 mp.
A hobgoblin comes into view. It is wielding a falchion.
A hobgoblin is nearby!
A hobgoblin is nearby!
Aim: a hobgoblin, wielding a falchion and wearing a robe (hasn't noticed you)
The magic dart hits the hobgoblin.
The hobgoblin shouts!
You now have 9/13 mp.
Aim: a hobgoblin, wielding a falchion and wearing a robe (severely wounded)
The magic dart hits the hobgoblin.
You now have 8/13 mp.
Aim: a hobgoblin, wielding a falchion and wearing a robe (severely wounded)
The magic dart hits the hobgoblin.
You now have 7/13 mp.
Aim: a hobgoblin, wielding a falchion and wearing a robe (severely wounded)
You miscast Magic Dart.
You are very lightly contaminated with residual magic.
Nothing appears to happen.
You now have 6/13 mp.
Aim: a hobgoblin, wielding a falchion and wearing a robe (severely wounded)
The magic dart hits the hobgoblin.
You now have 5/13 mp.
Aim: a hobgoblin, wielding a falchion and wearing a robe (severely wounded)
The magic dart hits the hobgoblin.
You kill the hobgoblin!
You start resting.
Your magical contamination has completely faded away.
You regained 2 mp, and now have 7/13 mp.
Things that are here:
a falchion; a robe; a hobgoblin corpse Terence the Incautious comes into view.
He is wielding a mace.
A shadowy apparition takes form in the air.
Terence shouts!
Terence zaps a wand.
The puff of flame misses you.
It is a wand of flame (15).
You now have 6/13 mp.
A beastly little devil appears in a puff of frigid air.
You now have 5/13 mp.
What are your orders? t - Bark!
Orders for allies: a - Attack new target. r - Retreat! s - Stop attacking. g - Guard the area. f - Follow me.
Anything else - Cancel.
Gang up on whom?
Aim: Terence, wielding a mace, wearing a scale mail and carrying a wand of flame (15) Attack!
Terence zaps a wand.
The puff of flame hits you! The fire burns you terribly!
You take 9 damage, and have 16/25 hp.
MASSIVE DAMAGE!!
Your shadow imp hits Terence but does no damage.
Your white imp gestures at Terence.
The puff of frost hits Terence.
Your shadow imp hits Terence but does no damage.
Your white imp closely misses Terence.
Terence hits your white imp with a mace.
Your white imp hits Terence but does no damage.
Your shadow imp hits Terence.
Aim: Terence, wielding a mace, wearing a scale mail and carrying a wand of flame (14) (severely wounded)
The magic dart hits Terence.
Your white imp hits Terence but does no damage.
Your shadow imp hits Terence but does no damage.
You now have 4/13 mp.
Aim: Terence, wielding a mace, wearing a scale mail and carrying a wand of flame (14) (severely wounded)
You miscast Magic Dart.
You are very lightly contaminated with residual magic.
Nothing appears to happen.
Terence zaps a wand.
The puff of flame hits you! The fire burns you terribly!
Ouch! That really hurt!
* * * LOW HITPOINT WARNING * * *
Your white imp completely misses Terence.
Your shadow imp closely misses Terence.
You take 15 damage, and have 1/25 hp.
MASSIVE DAMAGE!!
Aim: Terence, wielding a mace, wearing a scale mail and carrying a wand of flame (13) (severely wounded)
The magic dart hits Terence.
You now have 3/13 mp.
It was a potion of flight.
You feel very buoyant.
You fly up into the air.
Terence hits you with a mace.
You die...

#....... .. ∆ ##.........
.# . . #.........###.### ..
.. ##... #....##..... ...
.##...# #.#.......# ....
......# #.#..#..# .....
##...###)......##
......#.........#..#..###
....!...@.....####.......
........@...### ####.#...
........55..# #.....##.
.............# #.....###
............## #.....###
#.......#....# ##.....>..
#.#....##....# ##........#
........#....####..........
........####..........(....


You could see Terence, a friendly white imp and a friendly shadow imp.

Vanquished Creatures
  A leopard gecko (D:1)
  2 giant cockroaches (D:1)
  2 goblins (D:1)
  4 hobgoblins
  7 kobolds
  2 bats
  2 rats (D:1)
20 creatures vanquished.

Notes
Turn   | Place    | Note
-------+----------+-------------------------------------------
     0 | D:1      | Reached skill level 9 in Spellcasting
     0 | D:1      | mhoghedin the Gnoll Wanderer began the quest for the Orb.
     0 | D:1      | mhoghedin set off with: a potion of lignification {!q}, a +0 robe, a +0 club, a ration
     0 | D:1      | Reached XP level 1. HP: 13/13 MP: 10/10
    98 | D:1      | Learned a level 1 spell: Magic Dart
   115 | D:1      | Reached skill level 2 in Charms
   115 | D:1      | Reached skill level 2 in Translocations
   126 | D:1      | Reached XP level 2. HP: 15/19 MP: 6/12
   193 | D:1      | Learned a level 2 spell: Blink
   196 | D:1      | Learned a level 2 spell: Call Imp
   259 | D:1      | Learned a level 2 spell: Slow
   846 | D:2      | Reached XP level 3. HP: 25/25 MP: 9/13
   888 | D:2      | Noticed Terence
   897 | D:2      | HP: 1/25 [Terence/wand of flame (14) (15)]
   899 | D:2      | Slain by Terence

Vault maps used:
D:1:      saegor_arrival_miasma
D:2:      uniq_crazy_yiuf_cottage, uniq_natasha, uniq_terence

Skill      XL: |  1 |
---------------+----+-----
Spellcasting   | |  9.2
Charms         | 2 |  2.0
Translocations | 2 |  2.0
Fighting       | |  0.5
Short Blades   | |  0.5
Long Blades    | |  0.5
Axes           | |  0.5
Maces & Flails | |  0.5
Polearms       | |  0.5
Staves         | |  0.5
Slings         | |  0.5
Bows           | |  0.5
Crossbows      | |  0.5
Throwing       | |  0.5
Armour         | |  0.5
Dodging        | |  0.5
Stealth        | |  0.5
Shields        | |  2.5
Unarmed Combat | |  0.5
Conjurations   | |  0.4
Hexes          | |  0.4
Summonings     | |  0.4
Necromancy     | |  3.7
Transmutations | |  0.4
Fire Magic     | |  0.4
Ice Magic      | |  0.4
Air Magic      | |  0.4
Earth Magic    | |  0.4
Poison Magic   | |  0.4
Invocations    | |  0.7
Evocations     | |  2.5

Action                   || total
-------------------------++-------
Melee: Club              ||    37
       Bite              ||     1
 Cast: Magic Dart        ||    42
       Call Imp          ||     2
  Use: Scroll            ||     5
       Potion            ||     1
Armor: Robe              ||    17
Dodge: Dodged            ||    49

Table legend:
 A = Spawn XP
 B = Non-spawn XP
 C = Spawn XP percentage of total XP
 D = Spawn monster count
 E = Non-spawn monster count
 F = Spawn count percentage of total count
 G = Total turns spent on level
                    A         B        C        D         E        F      G
               +---------+---------+-------+---------+---------+-------+---------
         Total |       0 |      36 |   0.0 |       0 |      20 |   0.0 |   899
               +---------+---------+-------+---------+---------+-------+---------
           D:1 |       0 |      31 |   0.0 |       0 |      17 |   0.0 |   636
           D:2 |       0 |       5 |   0.0 |       0 |       3 |   0.0 |   263
               +---------+---------+-------+---------+---------+-------+---------

Vault maps used:
D:1:      saegor_arrival_miasma
D:2:      uniq_crazy_yiuf_cottage, uniq_natasha, uniq_terence

Table legend:
 A = Turns spent in this place as a percentage of turns spent in the entire game.
 B = Non-inter-level travel turns spent in this place as a percentage of non-inter-level travel turns spent in the entire game.
 C = Inter-level travel turns spent in this place as a percentage of turns spent in this place.
 D = Turns resting spent in this place as a percentage of non-inter-level travel turns spent in this place.
 E = Turns spent auto-exploring this place as a percentage of non-inter-level travel turns spent in this place.
 F = Non-inter-level travel turns spent in this place divided by the number of levels of this place that you've seen.
                   A       B       C       D       E      F
               +-------+-------+-------+-------+-------+----------------------
         Total | 100.0 | 100.0 |   3.1 |  32.4 |  46.8 | 435.5
       Dungeon | 100.0 | 100.0 |   3.1 |  32.4 |  46.8 | 435.5
               +-------+-------+-------+-------+-------+----------------------

Table legend:
 A = Kills in this place as a percentage of kills in entire the game.
 B = Kills by you in this place as a percentage of kills by you in the entire game.
 C = Kills by friends in this place as a percentage of kills by friends in the entire game.
 D = Other kills in this place as a percentage of other kills in the entire game.
 E = Experience gained in this place as a percentage of experience gained in the entire game.
 F = Experience gained in this place divided by the number of levels of this place that you have seen.
                   A       B       C       D       E      F
               +-------+-------+-------+-------+-------+----------------------
         Total | 100.0 | 100.0 |   N/A |   N/A | 100.0 |  18.0
       Dungeon | 100.0 | 100.0 |   N/A |   N/A | 100.0 |  18.0
               +-------+-------+-------+-------+-------+----------------------
